 Dungeon Crawl Stone Soup version 0.28.0-47-ge53b351184 (webtiles) character file.

Game seed: 6144414741504429757

584 101zpm the Magician (level 7, -1/45 HPs)
             Began as a Djinni Fire Elementalist on May 3, 2022.
             Slain by a centaur (2 damage)
             ... on level 3 of the Dungeon.
             The game lasted 00:08:40 (3351 turns).

101zpm the Magician (Djinni Fire Elementalist)      Turns: 3351, Time: 00:08:41

Health: -1/45      AC:  2    Str:  7    XL:     7   Next: 64%
Gold:   71         EV: 12    Int: 18    God:
                   SH:  0    Dex: 14

rFire   + + .      SeeInvis .   (no weapon)
rCold   x . .      Faith    .   (no shield)
rNeg    . . .      Spirit   .   a - +0 robe
rPois   ∞          Reflect  .   (no helmet)
rElec   .          Harm     .   (no cloak)
rCorr   .          Rampage  .   (no gloves)
Will    .....                   (boots unavailable)
Stlth   ++........              (no amulet)
HPRegen 0.15/turn               (no ring)
MPRegen 0.00/turn               (no ring)

@: flying
A: sickness immunity, fire resistance 2, cold vulnerability 1, float, innate
caster, HP casting, extra vitality 1
a: no special abilities


You were on level 3 of the Dungeon.
You visited 1 branch of the dungeon, and saw 4 of its levels.

You collected 71 gold pieces.

Inventory:

Armour
 a - a +0 robe (worn)
 g - the +1 Delatra's gloves {ID++}
   (You found it on level 3 of the Dungeon)

   It heals its wearer when they drink unknown potions.
   It restores its wearer's MP when they read unknown scrolls.
Scrolls
 b - 3 scrolls of identify {unknown}
 c - a scroll of amnesia {unknown}
 f - a scroll of fear {unknown}
Potions
 d - a potion of lignification {unknown}
 e - a potion of flight {unknown}
 h - a potion of haste {unknown}


   Skills:
 + Level 2.7 Dodging
 + Level 2.7 Stealth
 + Level 5.9 Spellcasting


You couldn't memorise any spells.
You knew the following spells:

 Your Spells              Type           Power      Damage    Failure   Level
a - Foxfire               Conj/Fire      100%       2x1d9     1%          1
b - Scorch                Fire           52%        2d7       1%          2
c - Conjure Flame         Conj/Fire      26%        6-21      3%          3
d - Inner Flame           Hex/Fire       26%        N/A       3%          3
e - Flame Wave            Conj/Fire      26%        2d7       11%         4
f - Slow                  Hex            100%       N/A       1%          1
g - Passwall              Tmut/Erth      21%        N/A       1%          2
h - Mephitic Cloud        Conj/Pois/Air  26%        N/A       3%          3
Your spell library was empty.

Dungeon Overview and Level Annotations

Branches:
Dungeon (4/15)
 Temple: D:4-7

Altars:
Wu Jian

Annotations:
D:3 Ijyb
D:4 Pikel


Innate Abilities, Weirdness & Mutations

You are immune to sickness and miasma.
You are immune to poison.
Your flesh is very heat resistant. (rF++)
You are vulnerable to cold. (rC-)
You float through the air rather than walking.
You learn spells naturally, not from books.
Your magical power is your life essence.
You have superior vitality. (+4 MHP)


Message History

The ball python hisses angrily.
You hear a shout!
The centaur hits you. The centaur barely misses you. Ijyb misses you.
You fly upwards.
There is a stone staircase leading down here.
You conjure some foxfire!
The centaur hits you. The centaur completely misses you. The centaur hits you.
The centaur kicks you. Ijyb barely misses you.
Casting: Foxfire (safe; 1% risk of failure)
Confirm with . or Enter, or press ? or * to list all spells.
Aiming: Inner Flame (dangerous; 3% risk of failure)
Press: ? - help, Dir - move target, f - Ijyb
Aim: Ijyb, wielding a +0 club and wearing a +0 chain mail (ally target, chance to affect: 86%)
Okay, then.
Casting: Inner Flame (dangerous; 3% risk of failure)
Confirm with . or Enter, or press ? or * to list all spells.
Flames lash Ijyb but do no damage.
The foxfire hits Ijyb but does no damage.
The foxfire hits the centaur.
The centaur is lightly wounded.
The centaur hits you. The centaur kicks you. Ijyb closely misses you.
Casting: Scorch (safe; 1% risk of failure)
Confirm with . or Enter, or press ? or * to list all spells.
Flames lash Ijyb.
Ijyb is lightly wounded.
Ijyb's fire resistance burns away.
The centaur closely misses you. The centaur barely misses you.
The centaur hits you. The centaur kicks you.
* * * LOW HITPOINT WARNING * * *
Ijyb closely misses you.
Casting: Scorch (safe; 1% risk of failure)
Confirm with . or Enter, or press ? or * to list all spells.
Flames lash Ijyb.
Ijyb is burned terribly!
Ijyb is moderately wounded.
* * * LOW HITPOINT WARNING * * *
The centaur hits you.
* * * LOW HITPOINT WARNING * * *
The centaur kicks you but does no damage.
Ijyb hits you with a +0 club.
* * * LOW HITPOINT WARNING * * *
The centaur hits you.
You die...

.# .# .# .######## ........#
<######.####################
.#............g............#
...####.####.#.>c.....(....#
...# #.........@..).####..#
...# #..>##...#.###.# #..#
.#.# #...####.#.# #.# #..#
...# #...# #.#.# #.#
#..###### .### #...# #.#.#
#.# #........
.######...####.#<# #.#
#(####### ...............#.#
#.# #.# .######.###.##...#
#.# #.# .# #.# #.##..## #.#
#.# ###


You could see Ijyb (combustible) and a centaur.

Vanquished Creatures
  A hornet (D:4)
  Grinder (D:3)
  Edmund (D:4)
  3 adders
  2 worms (D:2)
  A dart slug (D:2)
  An orc (D:3)
  4 endoplasms (D:2)
  8 hobgoblins
  A kobold (D:3)
  2 quokkas
  3 ball pythons
  2 bats (D:3)
  2 goblins
  A rat (D:2)
33 creatures vanquished.

Vanquished Creatures (others)
  255 foxfires
255 creatures vanquished.

Grand Total: 288 creatures vanquished

Notes
Turn   | Place    | Note
-------+----------+-------------------------------------------
     0 | D:1      | 101zpm the Djinni Fire Elementalist began the quest for the
                  | Orb.
     0 | D:1      | Reached XP level 1. HP: 15/15 MP: 0/0
   317 | D:2      | Reached XP level 2. HP: 15/21 MP: 0/0
   736 | D:2      | Reached skill level 3 in Spellcasting
   763 | D:2      | Reached XP level 3. HP: 12/25 MP: 0/0
   763 | D:2      | Learned a level 1 spell: Slow
  1741 | D:4      | Noticed Pikel
  1741 | D:4      | Noticed a lemure
  1741 | D:4      | Noticed a lemure
  1742 | D:4      | Noticed a lemure
  1842 | D:3      | Noticed Grinder
  1842 | D:3      | Paralysed by Grinder for 2 turns
  1849 | D:3      | Paralysed by Grinder for 2 turns
  1850 | D:3      | Killed Grinder
  1851 | D:3      | Reached skill level 4 in Spellcasting
  1851 | D:3      | Reached XP level 4. HP: 20/31 MP: 0/0
  1851 | D:3      | Reached XP level 5. HP: 22/35 MP: 0/0
  1851 | D:3      | Learned a level 2 spell: Passwall
  1851 | D:3      | Reached XP level 6. HP: 26/40 MP: 0/0
  2043 | D:4      | Noticed Edmund
  2055 | D:4      | Killed Edmund
  2056 | D:4      | Reached skill level 5 in Spellcasting
  2056 | D:4      | Reached XP level 7. HP: 4/45 MP: 0/0
  2056 | D:4      | Learned a level 3 spell: Mephitic Cloud
  2079 | D:4      | Noticed Ijyb
  2577 | D:3      | Found the +1 Delatra's gloves {ID++}
  2961 | D:3      | Found an ornate altar of the Wu Jian Council.
  3124 | D:4      | Noticed a hornet
  3231 | D:4      | Killed a hornet
  3350 | D:3      | HP: 1/45 [Ijyb/+0 club (3)]
  3351 | D:3      | Slain by a centaur

Illustrated notes

Levels and vault maps discovered:
D:1:      dpeg_arrival_pond, layout_basic, minmay_misc_feat_tower
D:2:      layout_basic
D:3:      layout_loops_ring, nicolae_wu_jian_immortal_techniques, uniq_grinder
D:4:      layout_loops_ring, nicolae_uskayaw_murder_on_the_dancefloor,
          nicolae_concentric_dashed_squares_mild, minivault_1,
          nicolae_elemental_shop, uniq_pikel, uniq_edmund, uniq_ijyb

Skill      XL: |  1  2  3  4  5  6 |
---------------+-------------------+-----
Spellcasting   | 3 4 5 |  5.9
Stealth        | 2 |  2.7
Dodging        | |  2.7

Action                   |  1- 3 |  4- 6 |  7- 9 || total
-------------------------+-------+-------+-------++-------
 Cast: Foxfire           |    89 |    14 |    48 ||   151
       Scorch            |     1 |     5 |     8 ||    14
       Inner Flame       |     1 |     2 |     2 ||     5
Armor: Robe              |       |       |     1 ||     1
Dodge: Dodged            |       |     1 |    10 ||    11
